 Dungeon Crawl Stone Soup version 0.25.0-65-g31bcc41 (webtiles) character file.

9621 Dorkslayer the Carver (level 11, -2/78 HPs)
             Began as an Octopode Fighter on Oct 31, 2020.
             Was a High Priest of Dithmenos.
             Killed by divine providence
             ... invoked by an orc priest
              (10 damage)
             ... in the Orcish Mines.
             The game lasted 00:09:59 (2676 turns).

Dorkslayer the Carver (Octopode Fighter)            Turns: 2676, Time: 00:10:00

Health: -2/78      AC:  1    Str: 18    XL:     11   Next: 49%
Magic:  11/11      EV: 16    Int: 12    God:    Dithmenos [*****.]
Gold:   133        SH: 13    Dex: 11    Spells: 10/10 levels left

rFire    . . .     SeeInvis .   o - +1 long sword (venom)
rCold    . . .     Gourm    .   b - +2 shield
rNeg     . . .     Faith    .   (helmet restricted)
rPois    .         Spirit   .   (no amulet)
rElec    .         Reflect  .   (no ring)
rCorr    .         Harm     .   (no ring)
MR       .....                  (no ring)
Stlth    ++++++++..             (no ring)
HPRegen  0.23/turn              (no ring)
MPRegen  0.12/turn              (no ring)
                                (no ring)
                                (no ring)

@: very slightly contaminated, hasted, wreathed by umbra, invisible, very quick
A: almost no armour, stealthy swim, amphibious, 8 rings, constrict 8, camouflage
1, gelatinous body 1
a: Shadow Step, Shadow Form, Renounce Religion


You were in the Orcish Mines.
You worshipped Dithmenos.
Dithmenos was extremely pleased with you.
You were not hungry.

You visited 3 branches of the dungeon, and saw 4 of its levels.

You collected 133 gold pieces.

Inventory:

Hand Weapons
 a - a +1 long sword
 l - a +2 hand axe of flaming
 o - a +1 long sword of venom (weapon)
Armour
 b - a +2 shield (worn)
Scrolls
 k - a scroll of amnesia
 n - a scroll of noise {unknown}
Potions
 c - a potion of lignification
 e - a potion of brilliance
 f - a potion of flight
 g - a potion of mutation
Comestibles
 d - 8 rations
 h - 17 chunks of flesh


   Skills:
 + Level 8.6 Fighting
 + Level 9.4 Long Blades
 + Level 8.5 Dodging
 + Level 8.1 Stealth
 + Level 9.0 Shields


You had 10 spell levels left.
You didn't know any spells.
Your spell library was empty.

Dungeon Overview and Level Annotations

Branches:
Dungeon (2/3)              Temple (1/1) D:1             Orc (1/1) D:2
  Swamp: D:2-3       Shoals: D:2-3        Snake: D:2-3       Spider: D:2-3
  Slime: D:2-3          Elf: Orc:1       Vaults: D:2-3

Altars:
Dithmenos
Elyvilon
Fedhas
Gozag
Hepliaklqana
Ru
Sif Muna
Uskayaw
Wu Jian
The Shining One
Beogh

Shops:
Orc %


Innate Abilities, Weirdness & Mutations

You cannot wear most types of armour.
You are very stealthy in the water. (Stealth+)
You are amphibious.
You can wear up to eight rings at the same time.
You can use your tentacles to constrict eight enemies at once.
Your skin changes colour to match your surroundings (Stealth+).
Your rubbery body absorbs attacks. (AC +1, EV +1)


Message History

You squeeze the orc knight, but do no damage.
The orc knight is severely wounded.
You constrict the orc knight. The orc knight barely misses you.
You riposte.
You catch the helpless orc knight completely off-guard!
You hit the orc knight but do no damage.
The orc knight looks as sick as possible!
The orc knight is severely wounded.
You block the orc warrior's attack.
The orc priest mumbles some strange prayers to Beogh against the orc knight.
The orc warrior writhes in agony!
The orc warrior shouts!
You release your grip on the orc knight.
You block the orc knight's attack.
You barely miss the orc knight. You grab the orc knight.
You squeeze the orc knight!
The orc knight is severely wounded.
You constrict the orc knight, but do no damage.
The orc priest invokes the aid of Beogh against you.
Beogh smites you!
You die...

........# ###
.......<#####.##
.........#.#.o.##
..........[))...##
......##.#.).##..##
...#.#
####..###oo## .. ##
#o.(####.o## .
##(.o.###oo##
##.o@.###o)#
#....## ##o....oo
##.### #o..#o# ###
#..... #..#. #...
#∩. #.


You could see an orc knight, an orc warrior and an orc priest.

Vanquished Creatures
  A slime creature (D:1)
  A hippogriff (D:2)
  A steam dragon (D:2)
  A soldier ant (D:1)
  3 orc warriors
  A phantom (D:2)
  An eye of draining (D:2)
  A centaur (D:2)
  3 bullfrogs
  A killer bee (D:2)
  A wight (D:2)
  A bullfrog zombie (D:1)
  A quasit (D:1)
  2 hounds
  7 orc priests
  An orc wizard (D:1)
  An iguana (D:2)
  Terence (D:1)
  A worker ant (D:1)
  Robin (D:2)
  An adder (D:1)
  An adder skeleton (D:2)
  A leopard gecko (D:1)
  25 orcs
  A giant cockroach (D:1)
  5 goblins
  4 hobgoblins
69 creatures vanquished.

Notes
Turn   | Place    | Note
-------+----------+-------------------------------------------
     0 | D:1      | Dorkslayer the Octopode Fighter began the quest for the
                  | Orb.
     0 | D:1      | Reached XP level 1. HP: 16/16 MP: 1/1
    14 | D:1      | Reached XP level 2. HP: 5/22 MP: 2/2
    14 | D:1      | Reached XP level 3. HP: 6/27 MP: 3/3
    14 | D:1      | Reached XP level 4. HP: 7/33 MP: 4/4
    14 | D:1      | Reached XP level 5. HP: 8/37 MP: 5/5
   290 | D:1      | Found a deep blue altar of Sif Muna.
   368 | D:1      | Reached XP level 6. HP: 24/45 MP: 6/6
   368 | D:1      | Reached XP level 7. HP: 27/49 MP: 7/7
   519 | D:1      | Found a staircase to the Ecumenical Temple.
   521 | D:1      | Reached skill level 5 in Fighting
   521 | D:1      | Reached skill level 5 in Dodging
   534 | Temple   | Entered the Ecumenical Temple
   547 | Temple   | Became a worshipper of Dithmenos the Shadowed
   583 | D:1      | Found an ornate altar of the Wu Jian Council.
   605 | D:1      | Found an opulent altar of Gozag.
   721 | D:1      | Reached skill level 1 in Stealth
   721 | D:1      | Reached skill level 5 in Shields
   819 | D:1      | Found a hazy altar of Hepliaklqana.
   882 | D:1      | Reached * piety under Dithmenos
   882 | D:1      | Reached XP level 8. HP: 20/57 MP: 8/8
  1206 | D:2      | Noticed a troll
  1211 | D:2      | Reached skill level 5 in Long Blades
  1211 | D:2      | Reached XP level 9. HP: 57/63 MP: 4/9
  1317 | D:2      | Found a roughly hewn altar of Beogh.
  1317 | D:2      | Found a staircase to the Orcish Mines.
  1334 | D:2      | Reached ** piety under Dithmenos
  1345 | D:2      | HP: 2/63 [orc warrior/exploding inner flame[the player
                  | character] (34)]
  1345 | D:2      | Reached skill level 5 in Stealth
  1709 | D:2      | Reached XP level 10. HP: 54/71 MP: 10/10
  1710 | D:2      | Noticed a gargoyle
  1839 | D:2      | Noticed Terence
  1844 | D:1      | Killed Terence
  1919 | D:1      | Reached *** piety under Dithmenos
  2320 | D:2      | Noticed Robin
  2325 | D:2      | Killed Robin
  2325 | D:2      | Reached XP level 11. HP: 76/77 MP: 11/11
  2326 | D:2      | Reached **** piety under Dithmenos
  2371 | D:2      | Noticed a seven-headed hydra
  2478 | D:2      | Reached ***** piety under Dithmenos
  2594 | Orc      | Entered the Orcish Mines
  2639 | Orc      | Found Foad Sauca's Food Shop.
  2640 | Orc      | Noticed an orc knight
  2676 | Orc      | Killed from afar by an orc priest

Skill      XL: |  1  2  3  4  5  6  7  8  9 10 11 |
---------------+----------------------------------+-----
Fighting       | 4 5 6 7 8 |  8.6
Dodging        | 4 5 6 7 8 |  8.5
Shields        | 4 5 6 7 8 9 |  9.0
Long Blades    | 3 5 6 8 9 |  9.4
Stealth        | 2 3 6 7 8 |  8.1

Action                   |  1- 3 |  4- 6 |  7- 9 | 10-12 || total
-------------------------+-------+-------+-------+-------++-------
Melee: Long sword        |     6 |     4 |    55 |   121 ||   186
       Constrict         |     1 |     2 |    12 |    35 ||    50
       Tentacles         |       |     3 |     8 |    41 ||    52
  Use: Potion            |       |       |     4 |     3 ||     7
       Scroll            |       |       |     5 |     4 ||     9
 Stab: Sleeping          |       |       |     5 |       ||     5
       Invisible         |       |       |       |     4 ||     4
       Distracted        |       |       |       |     1 ||     1
  Eat: Chunk             |       |       |     1 |     1 ||     2
       Ration            |       |       |     1 |       ||     1
Armor: Skin              |       |       |     4 |     3 ||     7
Dodge: Dodged            |     3 |     3 |    31 |    56 ||    93
Block: Shield            |     3 |     1 |    29 |    68 ||   101
       Rpst.: Long sword |       |     1 |     6 |    22 ||    29
